 Dungeon Crawl Stone Soup version 0.21-a0-641-geef9d7f (webtiles) character file.

8691 Megalobster the Cleaver (level 11, 0/89 HPs)
             Began as a Minotaur Gladiator on Dec 30, 2017.
             Was an Elder of Okawaru.
             Slain by a blink frog (7 damage)
             ... on level 1 of the Lair of Beasts.
             The game lasted 00:30:45 (10259 turns).

Megalobster the Cleaver (Minotaur Gladiator)       Turns: 10259, Time: 00:30:46

Health: 0/89       AC: 14    Str: 22    XL:     11   Next: 13%
Magic:  16/16      EV: 16    Int:  5    God:    Okawaru [****..]
Gold:   506        SH:  0    Dex: 12    Spells: 10/10 levels left

rFire    . . .     SeeInvis +   a - +0 war axe
rCold    + . .     Gourm    .   (no shield)
rNeg     . . .     Faith    .   m - +1 scale mail {rC+}
rPois    .         Spirit   .   u - +2 hat {SInv}
rElec    .         Reflect  .   (no cloak)
rCorr    .         Harm     .   (no gloves)
MR       .....                  C - +0 pair of boots (curse)
Stlth    +.........             (no amulet)
HPRegen  0.24/turn              M - ring of see invisible
MPRegen  0.15/turn              (no ring)

@: heroism
A: retaliatory headbutt, horns 2
a: Heroism, Renounce Religion


You were on level 1 of the Lair of Beasts.
You worshipped Okawaru.
Okawaru was greatly pleased with you.
You were not hungry.

You visited 2 branches of the dungeon, and saw 10 of its levels.

You collected 506 gold pieces.

Inventory:

Hand Weapons
 a - a +0 war axe (weapon)
 b - a +0 flail of protection
Missiles
 g - 315 stones (quivered)
 j - 2 tomahawks
 F - 2 silver tomahawks
 L - 4 needles of frenzy
Armour
 m - a +1 scale mail of cold resistance (worn)
 u - a +2 hat of see invisible (worn)
 C - a cursed +0 pair of boots (worn)
Jewellery
 M - a ring of see invisible (left hand)
Wands
 y - a wand of polymorph (11)
 A - a wand of iceblast (16)
 H - a wand of acid (5)
Scrolls
 d - a scroll of magic mapping
 h - 2 scrolls of fog
 k - 2 scrolls of enchant armour
 o - 5 scrolls of teleportation
 s - 2 scrolls of amnesia
 z - 2 scrolls of remove curse
 D - 4 scrolls of blinking
 E - 3 scrolls of fear
 K - a scroll of brand weapon {unknown}
Potions
 e - 5 potions of haste
 i - 3 potions of curing
 n - 4 potions of lignification
 t - 2 potions of magic
 v - a potion of mutation
 w - 2 potions of flight
 x - 2 potions of resistance
 B - a potion of ambrosia
Comestibles
 f - 13 rations


   Skills:
 + Level 6.0(11.0) Fighting
 * Level 12.2(17.2) Axes
 * Level 6.8(11.8) Throwing
 + Level 8.4(13.4) Armour
 + Level 6.0(11.0) Dodging
 + Level 8.0 Invocations
 * Level 0.5 Evocations


You had 10 spell levels left.
You didn't know any spells.

Dungeon Overview and Level Annotations

Branches:
Dungeon (9/15)             Temple (0/1) D:7            Lair (1/6) D:8
    Orc: D:9-12

Altars:
Dithmenos
Okawaru

Shops:
D:6 :   D:9 :


Innate Abilities, Weirdness & Mutations

You reflexively headbutt those who attack you in melee.
You have a pair of horns on your head.


Message History

Your scale mail prevents you from hitting the blink frog.
Your headbutt misses the blink frog.
The blink frog is lightly wounded.
The blink frog closely misses you.
You barely miss the blink frog.
The blink frog is lightly wounded.
The blink frog barely misses you. You furiously retaliate!
You headbutt the blink frog. You miss the blink frog.
Your headbutt misses the blink frog.
The blink frog is moderately wounded.
The blink frog hits you!
* * * LOW HITPOINT WARNING * * *
You hit the blink frog.
The blink frog is moderately wounded.
The blink frog hits you.
* * * LOW HITPOINT WARNING * * *
You slash the blink frog! You headbutt the blink frog!
The blink frog is almost dead.
The blink frog hits you!
You die...

## #.##### #. ##.##...
..#....... #.
P.##.##.P.. .#...
..##..#.##. ..#.# #
#.##.##..#. ...#
##.#.#...#.P#.##...##
#...@#P.....#........
.....#..F..##.###......#
#.##...#.#.##......#..+#
#..#...........#.....
##......#.#....%.....
###..........#(..##.
#....#.##!##.##...
#..#.##.#..... .. #..###
####.... .


You could see a blink frog.

Vanquished Creatures
  Erica (D:8)
  4 two-headed ogres
  The ghost of Gorglomux the Skirmisher, a novice DrAM (D:5)
  Psyche (D:8)
  The ghost of Brandom the Covert, a novice SpEn of Uskayaw (D:8)
  A spiny frog (Lair:1)
  Prince Ribbit (D:7)
  A hippogriff (D:8)
  A blink frog (Lair:1)
  Sigmund (D:5)
  2 hungry ghosts
  Menkaure (D:4)
  Edmund (D:4)
  Duvessa (D:5)
  2 orc warriors (D:7)
  3 ice beasts
  5 ogres
  3 phantoms
  3 centaurs
  4 bullfrogs
  Dowan (D:5)
  3 scorpions
  2 crimson imps
  A centaur zombie (D:5)
  5 hounds
  2 bullfrog zombies
  3 jellies
  2 quasits (D:8)
  4 orc wizards
  Natasha (thrice) (D:2)
  2 iguanas
  7 worker ants
  A hound zombie (D:5)
  A hound skeleton (D:4)
  7 gnolls
  7 adders
  5 shadow imps
  2 oozes (D:1)
  2 adder skeletons
  3 worms
  A dart slug (D:1)
  3 leopard geckos
  9 orcs
  5 giant cockroaches
  6 goblins
  4 hobgoblins
  11 jackals
  8 quokkas
  7 bats
  3 frilled lizards
  16 kobolds
  A leopard gecko zombie (D:7)
  A quokka skeleton (D:8)
  A quokka zombie (D:5)
  5 rats
182 creatures vanquished.

Notes
Turn   | Place    | Note
-------+----------+-------------------------------------------
     0 | D:1      | Megalobster the Minotaur Gladiator began the quest for the Orb.
     0 | D:1      | Reached XP level 1. HP: 18/18 MP: 0/0
   426 | D:1      | Reached XP level 2. HP: 20/25 MP: 1/1
   511 | D:1      | Reached skill level 4 in Axes
   531 | D:1      | Reached skill level 1 in Armour
   605 | D:1      | Reached XP level 3. HP: 23/30 MP: 2/2
  1733 | D:2      | Noticed a bullfrog
  1738 | D:2      | Killed a bullfrog
  1738 | D:2      | Reached skill level 5 in Axes
  1738 | D:2      | Reached XP level 4. HP: 37/38 MP: 3/3
  2131 | D:2      | Reached XP level 5. HP: 45/45 MP: 4/4
  2316 | D:2      | Noticed Natasha
  2321 | D:2      | Killed Natasha
  2548 | D:2      | Noticed Natasha
  2557 | D:2      | Killed Natasha
  2657 | D:2      | Noticed Natasha
  2663 | D:2      | Killed Natasha
  3000 | D:3      | Reached XP level 6. HP: 39/52 MP: 5/5
  3872 | D:4      | Noticed Menkaure
  3875 | D:4      | Killed Menkaure
  3875 | D:4      | Reached skill level 6 in Axes
  4011 | D:4      | Noticed Edmund
  4437 | D:4      | Killed Edmund
  4437 | D:4      | Reached XP level 7. HP: 58/60 MP: 6/6
  4552 | D:5      | Entered Level 5 of the Dungeon
  4552 | D:5      | Noticed Sigmund
  4559 | D:5      | Noticed Gorglomux's ghost (novice DrAM)
  4561 | D:5      | Killed Sigmund
  4561 | D:5      | Reached skill level 5 in Fighting
  4561 | D:5      | Reached skill level 7 in Axes
  4561 | D:5      | Reached skill level 5 in Dodging
  4579 | D:5      | Killed Gorglomux's ghost
  4579 | D:5      | Reached XP level 8. HP: 10/69 MP: 7/7
  4872 | D:5      | Found an iron altar of Okawaru.
  4887 | D:5      | Became a worshipper of Warmaster Okawaru
  4944 | D:5      | Reached skill level 8 in Axes
  5009 | D:5      | Noticed Dowan
  5043 | D:5      | Killed Dowan
  5077 | D:5      | Reached skill level 5 in Armour
  5077 | D:5      | Reached skill level 1 in Invocations
  5196 | D:5      | Noticed Duvessa
  5222 | D:5      | Killed Duvessa
  5569 | D:6      | Found Mefop's Book Boutique.
  6369 | D:6      | Found an iron altar of Okawaru.
  6534 | D:7      | Reached * piety under Okawaru
  6799 | D:7      | Reached skill level 9 in Axes
  6799 | D:7      | Reached XP level 9. HP: 66/75 MP: 10/10
  7138 | D:7      | Noticed Prince Ribbit
  7149 | D:7      | Killed Prince Ribbit
  7604 | D:7      | Found a staircase to the Ecumenical Temple.
  7623 | D:7      | Reached ** piety under Okawaru
  7971 | D:7      | Reached skill level 10 in Axes
  7971 | D:7      | Reached skill level 5 in Throwing
  8174 | D:8      | Noticed Brandom's ghost (novice SpEn)
  8275 | D:8      | Reached skill level 5 in Invocations
  8289 | D:8      | Found a staircase to the Lair.
  8307 | D:8      | Noticed a two-headed ogre
  8318 | D:8      | Killed a two-headed ogre
  8318 | D:8      | Reached XP level 10. HP: 80/83 MP: 9/13
  8365 | D:8      | Noticed Erica
  8377 | D:8      | Killed Erica
  8378 | D:8      | Reached *** piety under Okawaru
  8407 | D:8      | Reached skill level 11 in Axes
  8463 | D:8      | Killed Brandom's ghost
  8773 | D:8      | Noticed Psyche
  8785 | D:8      | Killed Psyche
  9020 | D:9      | Found a shadowy altar of Dithmenos.
  9182 | D:9      | Found Seshufau's Book Shoppe.
  9292 | D:9      | Noticed a two-headed ogre
  9306 | D:9      | Killed a two-headed ogre
  9309 | D:9      | Received a gift from Okawaru
  9781 | D:9      | Noticed a two-headed ogre
  9782 | D:9      | Noticed a two-headed ogre
  9804 | D:9      | Killed a two-headed ogre
  9804 | D:9      | Reached **** piety under Okawaru
  9804 | D:9      | Reached skill level 12 in Axes
  9834 | D:9      | Killed a two-headed ogre
  9834 | D:9      | Reached XP level 11. HP: 77/89 MP: 15/15
 10212 | Lair:1   | Entered Level 1 of the Lair of Beasts
 10259 | Lair:1   | Slain by a blink frog

Vault maps used:
D:1:      saegor_arrival_simple_d, corexii_hall_statues_t, minivault_23
D:2:      first_ration, uniq_natasha
D:4:      uniq_menkaure, uniq_edmund
D:5:      okawaru_gym_becter, uniq_duvessa, uniq_sigmund
D:6:      serial_shops, nicolae_shop_behind_doors, basic_altar,
          minmay_misc_feat_more_columns, kennysheep_nub
D:7:      minmay_temple_entry_nine_rooms, uniq_prince_ribbit1
D:8:      dpeg_oklobed_lair, uniq_erica, uniq_psyche
D:9:      kennysheep_spiral_hall, lemuel_doored_altar, serial_shops,
          kennysheep_mini_moat
Lair:1:   grunt_megastairs_2, serial_bayou_shore_a

Skill      XL: |  1  2  3  4  5  6  7  8  9 10 11 |
---------------+----------------------------------+-----
Axes           | 4 5 6 7 9 10 12 | 12.2
Armour         | 1 2 3 4 5 6 8 |  8.4
Fighting       | 3 4 5 6 |  6.0
Dodging        | 4 5 6 |  6.0
Throwing       | 3 4 5 6 |  6.8
Invocations    | 3 5 7 8 |  8.0
Evocations     | |  0.5

Action                   |  1- 3 |  4- 6 |  7- 9 | 10-12 || total
-------------------------+-------+-------+-------+-------++-------
Melee: War axe           |    66 |    82 |   215 |   137 ||   500
       Headbutt          |    11 |    17 |    41 |    27 ||    96
       Punch             |       |       |     2 |     1 ||     3
Throw: Throwing net      |       |     2 |     1 |     2 ||     5
       Stone             |       |    15 |    24 |    44 ||    83
       Tomahawk          |       |       |     2 |     4 ||     6
Invok: Heroism           |       |       |     7 |     8 ||    15
  Use: Potion            |       |     3 |     2 |     3 ||     8
       Scroll            |       |    12 |     3 |     5 ||    20
 Stab: Sleeping          |     1 |       |       |       ||     1
  Eat: Chunk             |     2 |     6 |     8 |     2 ||    18
       Ration            |       |     1 |     2 |     2 ||     5
Armor: Leather armour    |    13 |     8 |       |       ||    21
       Scale mail        |       |    19 |    72 |    50 ||   141
       Skin              |       |       |       |     6 ||     6
Dodge: Dodged            |    57 |    57 |   176 |    89 ||   379

Table legend:
 A = Spawn XP
 B = Non-spawn XP
 C = Spawn XP percentage of total XP
 D = Spawn monster count
 E = Non-spawn monster count
 F = Spawn count percentage of total count
 G = Total turns spent on level
                    A         B        C        D         E        F      G
               +---------+---------+-------+---------+---------+-------+---------
         Total |       0 |   12417 |   0.0 |       0 |     182 |   0.0 | 10259
               +---------+---------+-------+---------+---------+-------+---------
           D:1 |       0 |      63 |   0.0 |       0 |      32 |   0.0 |  1243
           D:2 |       0 |     287 |   0.0 |       0 |      23 |   0.0 |  1732
           D:3 |       0 |      45 |   0.0 |       0 |      11 |   0.0 |   554
           D:4 |       0 |     461 |   0.0 |       0 |       9 |   0.0 |  1023
           D:5 |       0 |    1461 |   0.0 |       0 |      25 |   0.0 |  1010
           D:6 |       0 |     208 |   0.0 |       0 |      14 |   0.0 |   956
           D:7 |       0 |    1815 |   0.0 |       0 |      29 |   0.0 |  1667
           D:8 |       0 |    3296 |   0.0 |       0 |      14 |   0.0 |   868
           D:9 |       0 |    4130 |   0.0 |       0 |      23 |   0.0 |  1159
        Lair:1 |       0 |     651 |   0.0 |       0 |       2 |   0.0 |    47
               +---------+---------+-------+---------+---------+-------+---------
